 Dungeon Crawl Stone Soup version 0.26-a0-682-g294304f6e8 (webtiles) character file.

Game seed: 8921601908008578908

205184 Ge0ff the Eclecticist (level 18, 0/125 HPs)
             Began as a Mummy Venom Mage on Oct 19, 2020.
             Was an Initiate of Gozag.
             Slain by a black mamba (11 damage)
             ... on level 3 of the Snake Pit on Oct 20, 2020.
             The game lasted 02:07:48 (49650 turns).

Ge0ff the Eclecticist (Mummy Venom Mage)           Turns: 49650, Time: 02:07:48

Health: 0/125      AC: 21    Str: 12    XL:     18   Next: 3%
Magic:  42/47      EV: 15    Int: 21    God:    Gozag
Gold:   7049       SH:  7    Dex: 18    Spells: 16/50 levels left

rFire    . . .     SeeInvis +   a - +9 fustibalus (flame)
rCold    + + +     Faith    .   N - +2 buckler
rNeg     + + +     Spirit   .   M - +0 acid dragon scales
rPois    ∞         Reflect  .   Q - +2 helmet
rElec    +         Harm     .   u - +2 cloak of the Old World {rC+}
rCorr    +         Rampage  .   o - +2 pair of gloves of the Fiend {Dex+5 SInv}
MR       +++..                  D - +0 pair of boots
Stlth    ++........             I - amulet of regeneration
HPRegen  0.70/turn              z - ring of magical power
MPRegen  0.30/turn              K - ring of protection from magic {=R}

@: mighty, resistant, no potions, stab, very slightly contaminated, invisible,
bezotted
A: no potions, fire vulnerability, cold resistance 1, negative energy resistance
3, torment resistance, unbreathing, in touch with death 1
}: 1/15 runes: decaying
a: Potion Petition, Call Merchant, Bribe Branch, Renounce Religion


You were on level 3 of the Snake Pit.
You worshipped Gozag.
Gozag was greatly pleased with you.
You visited 6 branches of the dungeon, and saw 31 of its levels.

You collected 12001 gold pieces.
You spent 2523 gold pieces at shops.
You paid 2429 gold pieces to Gozag.

Inventory:

Hand Weapons
 a - a +9 fustibalus of flaming (weapon)
 b - a +5 demon trident of freezing
 h - the +6 trident of Imminent Death {drain, +Blink Dex+5}
   (You took it off a spriggan on level 1 of the Lair of Beasts)

   A truly terrible weapon, it drains the life of those it strikes.
   It affects your dexterity (+5).
   It lets you blink.
 w - a +2 vampiric dagger
Missiles
 g - 2 throwing nets {=f}
 l - 962 stones
 v - 8 curare-tipped darts {=f}
 H - 41 boomerangs
 X - 32 sling bullets (quivered)
Armour
 o - the +2 pair of gloves of the Fiend (worn) {Dex+5 SInv}
   (You found it on level 6 of the Lair of Beasts)

   It affects your dexterity (+5).
   It lets you see invisible.
 u - the +2 cloak of the Old World (worn) {rC+}
   (You bought it in a shop on level 2 of the Orcish Mines)

   It protects you from cold.
 D - a +0 pair of boots (worn)
 G - the +1 scale mail of Purpose {Rampage +Inv Str-2}
   (You bought it in a shop on level 2 of the Orcish Mines)

   It affects your strength (-2).
   It lets you turn invisible.
   It bestows one free step when moving towards enemies.
 M - +0 acid dragon scales (worn)
 N - a +2 buckler (worn)
 Q - a +2 helmet (worn)
Jewellery
 q - an uncursed ring of flight
 z - a ring of magical power (left hand)
 A - an uncursed ring of protection from fire
 I - an amulet of regeneration (around neck)
 K - a ring of protection from magic (right hand) {=R}
 R - a +4 ring of evasion
 S - an uncursed ring of wizardry
 W - an uncursed amulet of guardian spirit
Wands
 d - a wand of digging (12)
 e - a wand of enslavement (23)
 f - a wand of flame (24)
 j - a wand of acid (6)
 k - a wand of iceblast (7)
 p - a wand of paralysis (11)
 s - a wand of disintegration (13)
 P - a wand of polymorph (28)
Scrolls
 i - 12 scrolls of identify
 m - 4 scrolls of magic mapping
 y - 3 scrolls of immolation
 B - 4 scrolls of blinking
 C - 14 scrolls of remove curse
 E - 5 scrolls of fear
 F - 3 scrolls of fog
 J - a scroll of silence {!r}
 T - 19 scrolls of teleportation
 V - 2 scrolls of vulnerability
 Y - a scroll of enchant armour
 Z - a scroll of brand weapon
Miscellaneous
 c - a condenser vane (2/2)
 n - a phial of floods
 t - a tin of tremorstones (3/3)
 O - a box of beasts (3/3)
 U - a phantom mirror


   Skills:
 + Level 6.4 Fighting
 - Level 6.0 Throwing
 - Level 11.0 Armour
 + Level 5.7 Dodging
 - Level 3.0 Stealth
 - Level 4.0 Shields
 + Level 16.8 Spellcasting
 + Level 7.6 Conjurations
 * Level 1.1 Hexes
 + Level 5.1 Necromancy
 - Level 4.0 Translocations
 - Level 5.0 Transmutations
 - Level 5.0 Fire Magic
 * Level 10.9 Ice Magic
 - Level 7.0 Air Magic
 - Level 10.0 Poison Magic
 + Level 8.9 Evocations


You had 16 spell levels left.
You knew the following spells:

 Your Spells              Type           Power        Failure   Level
c - Blink                 Tloc           N/A          1%          2
f - Mephitic Cloud        Conj/Pois/Air  ######..     1%          3
i - Ignite Poison         Fire/Tmut/Pois #####...     1%          3
j - Vampiric Draining     Necr           ######....   1%          3
k - Sting                 Tmut/Pois      ####         1%          1
m - Frozen Ramparts       Ice            ######       1%          3
n - Searing Ray           Conj           #####.       1%          2
r - Olgreb's Toxic Radia  Pois           ######..     1%          4
y - Yara's Violent Unrav  Hex/Tmut       ####......   34%         5
C - Poisonous Vapours     Pois/Air       ######       1%          2
E - Ozocubu's Refrigerat  Ice            ######....   8%          6

Your spell library contained the following spells:

 Spells                   Type           Power        Failure   Level
 Animate Skeleton         Necr           ######       1%          1
 Freeze                   Ice            ####         1%          1
 Magic Dart               Conj           ####         1%          1
 Pain                     Necr           ####         1%          1
 Conjure Flame            Conj/Fire      #####...     1%          3
 Ozocubu's Armour         Ice            ######..     1%          3
 Hailstorm                Conj/Ice       ######..     1%          4
 Dazzling Flash           Conj/Hex       #####.       2%          3
 Gell's Gravitas          Tloc           ####......   2%          3
 Summon Small Mammal      Summ           ###.         4%          1
 Slow                     Hex            ###.....     4%          2
 Portal Projectile        Hex/Tloc       ####..       4%          3
 Iskenderun's Mystic Bla  Conj/Tloc      #####...     4%          4
 Summon Ice Beast         Ice/Summ       #####...     4%          4
 Animate Dead             Necr           ######....   5%          4
 Call Imp                 Summ           ###.....     7%          2
 Fulminant Prism          Conj/Hex       #####.....   7%          4
 Confusing Touch          Hex            ###.....     9%          3
 Fireball                 Conj/Fire      #####.....   9%          5
 Metabolic Englaciation   Hex/Ice        #####.....   10%         5
 Summon Guardian Golem    Hex/Summ       ###.....     11%         3
 Summon Lightning Spire   Summ/Air       ####....     11%         4
 Call Canine Familiar     Summ           ###.....     13%         3
 Petrify                  Tmut/Erth      ####....     16%         4
 Agony                    Necr           ######..     16%         5
 Freezing Cloud           Conj/Ice/Air   ######....   21%         6
 Simulacrum               Ice/Necr       ######....   26%         6
 Starburst                Conj/Fire      #####.....   45%         6
 Dispersal                Tloc           ####......   78%         6
 Disjunction              Tloc           ####......   100%        8
 Ignition                 Fire           #####.....   100%        8
 Ice Form                 Ice/Tmut       Unusable     N/A         4

Dungeon Overview and Level Annotations

Branches:
Dungeon (15/15)            Temple (1/1) D:5            Lair (6/6) D:8
  Swamp (4/4) Lair:2        Snake (3/4) Lair:2        Slime (0/5) Lair:6
    Orc (2/2) D:10            Elf (0/3) Orc:2        Vaults (0/5) D:14
 Depths (0/5) D:15

Altars:
Ashenzari
Cheibriados
Dithmenos
Elyvilon
Fedhas
Gozag
Hepliaklqana
Kikubaaqudgha
Makhleb
Nemelex Xobeh
Okawaru
Qazlal
Ru
Sif Muna
Trog
Uskayaw
Vehumet
Wu Jian
Xom
Yredelemnul
Zin
The Shining One

Shops:
D:15 [   Orc:1 (   Orc:2 **?}   Snake:2 =}=}

Annotations:
Lair:1 stash


Innate Abilities, Weirdness & Mutations

You do not drink.
Your flesh is vulnerable to fire.
You are immune to poison.
Your flesh is cold resistant. (rC+)
You are immune to negative energy. (rN+++)
You are immune to unholy pain and torment.
You can survive without breathing.
You are in touch with the powers of death.


Message History

You resist. You block the black mamba's attack. The shock serpent bites you!
The shock serpent shocks you. You resist.
Use which ability? (? or * to list) [a] - 384 gold - invisibility, stabbing and might [b] - 264 gold - might, stabbing and brilliance [c] - 480 gold - might, stabbing and invisibility Purchase which effect?
You feel mightier all of a sudden.
You feel more ready to backstab.
You fade into invisibility!
You block the black mamba's attack. The salamander hits you.
* * * LOW HITPOINT WARNING * * *
You are engulfed in flames!
* * * LOW HITPOINT WARNING * * *
The shock serpent bites you!
* * * LOW HITPOINT WARNING * * *
The shock serpent shocks you. You resist.
* * * LOW HITPOINT WARNING * * *
The black mamba bites you!
You die...
Your body crumbles into a pile of gold.

#...........#
+...N.......#
#...N.......# !..
#....N......# ....
#..NN.......# ....
##....N......#
.....#....NSS.....# .
#....######@#######..
....................
.......).........##
#....
.................#
#....
#...........(....#
#....
#.....###........#
#.... ......
#####....## #...^
..<...
#.....######....
.....
#......[........


You could see 2 naga sharpshooters, a salamander, a shock serpent (slow), a
black mamba (slow), a naga mage (fast) and 3 nagas.

Vanquished Creatures
  Mara (Swamp:3)
  4 thorn hunters
  Gastronok (Lair:3)
  2 nagarajas (Snake:2)
  Louise (Swamp:3)
  Nessos (D:14)
  Azrael (Snake:2)
  2 green deaths (Swamp:4)
  A fire dragon (Lair:6)
  An ettin (D:15)
  3 naga warriors
  Harold (D:7)
  2 vault guards (D:14)
  Fannar (Lair:3)
  A catoblepas (D:15)
  20 hydras
  4 boulder beetles
  The ghost of Gargoyl the Fighter, a journeyman GnAK of Lugonu (Lair:1)
  A shambling mangrove (Swamp:1)
  A ghost crab (Swamp:1)
  15 alligators
  4 centaur warriors
  11 two-headed ogres
  A death knight (D:15)
  9 anacondas
  An ogre mage (D:15)
  2 death yaks (Lair:4)
  2 thrashing horrors (Swamp:4)
  3 orc high priests (Orc:2)
  4 shock serpents
  Urug (Lair:3)
  Sonja (D:12)
  4 skeletal warriors
  4 naga sharpshooters
  A salamander mystic (Snake:3)
  8 unseen horrors
  A wizard (D:14)
  2 deep trolls
  6 naga ritualists
  9 swamp dragons
  A wolf spider zombie (D:15)
  6 orc knights
  3 necromancers (D:14)
  4 mana vipers
  6 salamanders
  18 ugly things
  6 orc sorcerers
  3 manticores
  2 moths of wrath (Lair:1)
  Maurice (D:9)
  3 elephants (Lair:5)
  2 guardian serpents (Snake:2)
  7 centaur zombies
  9 naga magi
  22 black mambas
  14 cane toads
  2 orange demons (Swamp:4)
  16 komodo dragons
  4 rime drakes
  3 freezing wraiths
  4 yaktaurs (D:15)
  2 tengu conjurers
  A queen bee (shapeshifter) (D:13)
  A queen bee (Lair:5)
  3 meliai (D:13)
  9 trolls
  14 tyrant leeches
  17 bog bodies
  9 hornets
  18 blink frogs
  40 slime creatures
  35 yaks
  6 shadows
  A large abomination (Swamp:4)
  A vampire (D:15)
  4 wraiths
  5 spriggans
  A small abomination (Swamp:4)
  3 wyverns
  A fire elemental (Snake:2)
  Grum (D:9)
  5 basilisks
  19 humans (D:14)
  2 steam dragons
  26 vampire mosquitoes
  2 wargs
  14 swamp worms
  20 nagas
  3 hell hounds (Snake:2)
  10 insubstantial wisps
  6 water moccasins
  4 acid dragons
  7 swamp drakes
  26 orc warriors
  5 sky beasts
  6 ice beasts
  4 eyes of draining
  4 phantoms
  11 ogres
  5 black bears
  17 wolves
  14 centaurs
  2 big kobolds
  11 bullfrogs
  A wyvern zombie (D:9)
  4 scorpions
  A wyvern skeleton (D:14)
  15 killer bees
  A troll zombie (D:10)
  18 wights
  3 electric eels
  6 howler monkeys
  A quasit (D:9)
  6 jellies
  18 orc priests
  A gnoll shaman (Orc:2)
  3 bullfrog skeletons
  9 hounds
  19 orc wizards
  3 centaur skeletons
  4 iguanas
  8 worker ants
  7 ogre zombies (D:10)
  A hound zombie (D:5)
  A hound skeleton (D:9)
  2 worker ant zombies
  8 gnolls
  A howler monkey skeleton (D:6)
  A howler monkey zombie (D:11)
  15 adders
  2 shadow imps (D:8)
  2 white imps
  2 ufetubi
  An adder skeleton (D:5)
  A worm (D:2)
  6 dart slugs
  8 leopard geckos
  76 orcs
  6 bats
  8 giant cockroaches
  5 goblins
  10 hobgoblins
  14 jackals
  7 quokkas
  4 ball pythons
  7 frilled lizards
  A giant cockroach zombie (D:4)
  2 goblin skeletons (D:10)
  A goblin zombie (D:10)
  3 hobgoblin zombies (D:10)
  19 kobolds
  A leopard gecko skeleton (D:6)
  An orc skeleton (D:10)
  18 orc zombies (D:10)
  2 quokka zombies
  7 rats
  34 briar patches
1075 creatures vanquished.

Vanquished Creatures (collateral kills)
  A tentacled monstrosity (Swamp:4)
  A very ugly thing (Swamp:4)
  The ghost of nj0rd12 the Protected, a journeyman FoFi of Nemelex Xobeh (Lair:5)
  Maggie (D:7)
  A slime creature (D:15)
  A quokka skeleton (D:7)
6 creatures vanquished.

Vanquished Creatures (others)
  A bog body (Lair:2)
  2 orcs (D:5)
  12 fungi
  36 plants
51 creatures vanquished.

Grand Total: 1132 creatures vanquished

Notes
Turn   | Place    | Note
-------+----------+-------------------------------------------
     0 | D:1      | Ge0ff the Mummy Venom Mage began the quest for the Orb.
     0 | D:1      | Reached XP level 1. HP: 13/13 MP: 4/4
   174 | D:1      | Reached skill level 1 in Transmutations
   396 | D:1      | Reached skill level 3 in Spellcasting
   453 | D:1      | Reached XP level 2. HP: 19/19 MP: 6/6
   457 | D:1      | Learned a level 2 spell: Poisonous Vapours
   859 | D:1      | Reached XP level 3. HP: 24/24 MP: 3/7
  1208 | D:2      | Reached skill level 1 in Air Magic
  1847 | D:2      | Reached XP level 4. HP: 30/30 MP: 1/8
  2937 | D:3      | Found a faded altar of an unknown god.
  2996 | D:3      | Reached XP level 5. HP: 35/35 MP: 4/10
  3010 | D:3      | Learned a level 3 spell: Mephitic Cloud
  3754 | D:4      | Reached skill level 1 in Throwing
  3971 | D:4      | Noticed an ogre
  3979 | D:4      | Killed an ogre
  3979 | D:4      | Reached XP level 6. HP: 41/41 MP: 0/11
  3984 | D:4      | Learned a level 3 spell: Ignite Poison
  4197 | D:4      | Found a glowing golden altar of the Shining One.
  4197 | D:4      | Found a snail-covered altar of Cheibriados.
  4494 | D:4      | Got a twisted whip
  4495 | D:4      | Identified the +11 whip "Qelefoim" {antimagic, rF+ Int+4}
                  | (You found it on level 4 of the Dungeon)
  4940 | D:5      | Entered Level 5 of the Dungeon
  4956 | D:5      | Found a bloodstained altar of Trog.
  5071 | D:5      | Reached skill level 4 in Spellcasting
  5715 | D:5      | Reached XP level 7. HP: 33/46 MP: 4/13
  6040 | D:5      | Reached skill level 1 in Conjurations
  6154 | D:5      | Found a staircase to the Ecumenical Temple.
  6260 | Temple   | Entered the Ecumenical Temple
  6270 | Temple   | Became a worshipper of Gozag Ym Sagoz the Greedy
  7104 | D:6      | Found a large runed translucent door.
  7105 | D:6      | Found a large runed translucent door.
  7177 | D:6      | Noticed a manticore
  7185 | D:6      | Found a large runed translucent door.
  7185 | D:6      | Found a large runed translucent door.
  7421 | D:6      | Found a shimmering altar of Xom.
  7867 | D:6      | Reached skill level 1 in Fighting
  7867 | D:6      | Reached skill level 1 in Armour
  7867 | D:6      | Reached XP level 8. HP: 54/54 MP: 7/14
  8529 | D:6      | Learned a level 4 spell: Olgreb's Toxic Radiance
  8591 | D:6      | Killed an unseen horror
  9306 | D:7      | Found a burning altar of Makhleb.
  9345 | D:7      | Reached skill level 5 in Air Magic
  9345 | D:7      | Reached skill level 5 in Poison Magic
  9345 | D:7      | Reached XP level 9. HP: 59/59 MP: 1/15
  9455 | D:7      | Noticed Maggie
  9470 | D:7      | Killed Maggie
  9575 | D:7      | Reached skill level 1 in Evocations
  9800 | D:7      | Noticed Harold
  9812 | D:7      | Killed Harold
  9812 | D:7      | Reached skill level 5 in Spellcasting
 10609 | D:8      | Noticed a troll
 10609 | D:8      | Noticed a two-headed ogre
 11130 | D:8      | Noticed a centaur warrior
 11171 | D:8      | Reached XP level 10. HP: 65/65 MP: 7/18
 11362 | D:8      | Killed a two-headed ogre
 11362 | D:8      | Reached skill level 6 in Spellcasting
 11362 | D:8      | Reached skill level 5 in Conjurations
 11843 | D:8      | Found a staircase to the Lair.
 11872 | D:8      | Found an iron altar of Okawaru.
 12223 | D:8      | Killed a centaur warrior
 12457 | D:8      | Reached skill level 7 in Spellcasting
 13710 | D:9      | Got a masterwork scale mail
 13712 | D:9      | Identified the +5 scale mail of Lugonu's Outrage {rF- rCorr
                  | Dex+6} (You found it on level 9 of the Dungeon)
 13790 | D:9      | Noticed a two-headed ogre
 13796 | D:9      | Killed a two-headed ogre
 13796 | D:9      | Reached XP level 11. HP: 70/70 MP: 7/22
 14052 | D:9      | Noticed Grum
 14058 | D:9      | Killed Grum
 14301 | D:9      | Noticed Maurice
 14304 | D:9      | Reached skill level 8 in Spellcasting
 14307 | D:9      | Killed Maurice
 14872 | D:10     | Entered Level 10 of the Dungeon
 15424 | D:10     | Reached skill level 5 in Fire Magic
 15767 | D:10     | Noticed a two-headed ogre
 15907 | D:10     | Killed a two-headed ogre
 16101 | D:10     | Found a staircase to the Orcish Mines.
 16390 | D:10     | Reached skill level 9 in Spellcasting
 16790 | D:11     | Noticed a purple ugly thing
 16796 | D:11     | Killed a purple ugly thing
 17476 | D:11     | Got a fine ring mail
 17482 | D:11     | Identified the cursed +0 ring mail "Caeq" {rPois MP-9
                  | Str+6} (You found it on level 11 of the Dungeon)
 17509 | D:11     | Noticed a green ugly thing
 17567 | D:10     | Learned a level 2 spell: Searing Ray
 17582 | D:11     | Killed a green ugly thing
 17729 | D:11     | Noticed a cyan ugly thing
 17730 | D:11     | Noticed a seven-headed hydra
 17830 | D:11     | Killed an unseen horror
 18121 | D:11     | Learned a level 3 spell: Frozen Ramparts
 18526 | Lair:1   | Entered Level 1 of the Lair of Beasts
 18526 | Lair:1   | Noticed a seven-headed hydra
 18575 | Orc:1    | Entered Level 1 of the Orcish Mines
 18606 | Orc:1    | Noticed an orc knight
 18612 | Orc:1    | Killed an orc knight
 18612 | Orc:1    | Reached XP level 12. HP: 80/80 MP: 7/25
 18772 | Orc:1    | Found Aheseu's Weapon Shoppe.
 18865 | Orc:2    | Entered Level 2 of the Orcish Mines
 18865 | Orc:2    | Found a staircase to the Elven Halls.
 18904 | Orc:2    | Noticed a two-headed ogre
 18908 | Orc:2    | Killed a two-headed ogre
 18908 | Orc:2    | Reached skill level 1 in Ice Magic
 19095 | Orc:2    | Noticed a two-headed ogre
 19105 | Orc:2    | Killed a two-headed ogre
 19405 | Orc:2    | Reached skill level 10 in Spellcasting
 19862 | Orc:2    | Noticed an orc high priest
 19981 | Orc:2    | Killed an orc high priest
 20100 | Orc:2    | Noticed an orc high priest
 20105 | Orc:2    | Killed an orc high priest
 20231 | Orc:2    | Reached skill level 5 in Evocations
 20277 | Orc:2    | Noticed an orc high priest
 20283 | Orc:2    | Killed an orc high priest
 20546 | Orc:1    | Noticed a two-headed ogre
 20552 | Orc:1    | Killed a two-headed ogre
 21157 | Orc:2    | Found Taerphid's Gadget Emporium.
 21157 | Orc:2    | Found Puwioq's General Store.
 21158 | Orc:2    | Found Maase's Magic Scroll Boutique.
 21158 | Orc:2    | Found Vogono's Assorted Antiques.
 21166 | Orc:2    | Bought a scroll labeled ZEHISHR MOQO for 31 gold pieces
 21206 | Orc:2    | Bought a condenser vane (2/2) for 220 gold pieces
 21206 | Orc:2    | Bought a phantom mirror for 330 gold pieces
 21206 | Orc:2    | Bought a tin of tremorstones (3/3) for 440 gold pieces
 21223 | Orc:2    | Bought a shimmering scale mail for 279 gold pieces
 21223 | Orc:2    | Bought a fine cloak for 294 gold pieces
 21223 | Orc:2    | Bought a scroll of identify for 62 gold pieces
 21223 | Orc:2    | Bought a shiny brass ring for 155 gold pieces
 21223 | Orc:2    | Identified the +2 cloak of the Old World {rC+} (You bought
                  | it in a shop on level 2 of the Orcish Mines)
 21245 | Orc:2    | Identified the +1 scale mail of Purpose {Rampage +Inv
                  | Str-2} (You bought it in a shop on level 2 of the Orcish
                  | Mines)
 21265 | Orc:2    | Learned a level 6 spell: Ozocubu's Refrigeration
 21265 | Orc:2    | Bought an uncursed ring of fire for 375 gold pieces
 21265 | Orc:2    | Bought a scroll of fear for 52 gold pieces
 21265 | Orc:2    | Bought a wand of acid (4) for 240 gold pieces
 21383 | D:12     | Noticed a boulder beetle
 21388 | D:12     | Killed a boulder beetle
 21388 | D:12     | Gained mutation: You are in touch with the powers of death.
                  | [Mummy growth]
 21388 | D:12     | Reached XP level 13. HP: 41/86 MP: 10/27
 21833 | D:12     | Reached skill level 11 in Spellcasting
 22227 | D:12     | Noticed Sonja
 22234 | D:12     | Killed Sonja
 22775 | D:12     | Reached skill level 5 in Transmutations
 23303 | D:12     | Reached skill level 5 in Armour
 24396 | D:13     | Reached skill level 1 in Shields
 24818 | D:12     | Learned a level 2 spell: Blink
 25150 | Lair:1   | Found a transporter.
 25156 | Lair:1   | Found a bloodstained altar of Trog.
 25165 | Lair:1   | Noticed Gargoyl's ghost (journeyman GnAK)
 25165 | Lair:1   | Identified the +6 trident of Imminent Death {drain, +Blink
                  | Dex+5}
 25181 | Lair:1   | Found a transporter.
 25556 | Lair:1   | Reached skill level 5 in Ice Magic
 25928 | Lair:2   | Found a staircase to the Snake Pit.
 26236 | Lair:2   | Reached skill level 1 in Translocations
 26771 | Lair:2   | Found a staircase to the Swamp.
 27294 | Lair:2   | Reached skill level 12 in Spellcasting
 27391 | Lair:2   | Reached XP level 14. HP: 93/93 MP: 26/30
 27592 | Lair:1   | Upgraded the game from 0.26-a0-670-g578ab304f5 to
                  | 0.26-a0-682-g294304f6e8
 27596 | Lair:1   | Learned a level 3 spell: Vampiric Draining
 27660 | Lair:3   | Noticed Gastronok
 27671 | Lair:3   | Killed Gastronok
 27955 | Lair:3   | Noticed Fannar
 27962 | Lair:3   | Killed Fannar
 28076 | Lair:3   | Noticed Urug
 28084 | Lair:3   | Killed Urug
 28084 | Lair:3   | Reached skill level 5 in Throwing
 28173 | Lair:3   | Got a shimmering robe
 28174 | Lair:3   | Identified the cursed +1 robe of Cox Liox {rC+} (You found
                  | it on level 3 of the Lair of Beasts)
 29270 | Lair:4   | You fall into a shaft and drop 1 floor!
 29277 | Lair:5   | Reached skill level 1 in Necromancy
 29981 | Lair:5   | Noticed nj0rd12's ghost (journeyman FoFi)
 30179 | Lair:5   | Found a transporter.
 30182 | Lair:5   | Found a transporter.
 31037 | Lair:5   | Killed nj0rd12's ghost
 31199 | Lair:6   | Entered Level 6 of the Lair of Beasts
 31211 | Lair:6   | Found a staircase to the Slime Pits.
 31892 | Lair:6   | Got a pair of faintly glowing gloves
 31893 | Lair:6   | Identified the +2 pair of gloves of the Fiend {Dex+5 SInv}
                  | (You found it on level 6 of the Lair of Beasts)
 33495 | D:14     | You fall into a shaft and drop 1 floor!
 33495 | D:15     | Entered Level 15 of the Dungeon
 33498 | D:15     | Reached XP level 15. HP: 98/98 MP: 19/31
 33557 | D:15     | Found Wutam's Armour Shop.
 33730 | D:14     | Reached skill level 5 in Dodging
 33817 | D:14     | Reached skill level 13 in Spellcasting
 33960 | D:14     | Got a transparent rapier
 33961 | D:14     | Identified the +7 rapier of Melee {protect, rPois} (You
                  | found it on level 14 of the Dungeon)
 34044 | D:14     | Noticed Nessos
 34053 | D:14     | Killed Nessos
 34552 | D:14     | Found a gate to the Vaults.
 34610 | D:14     | You fall into a shaft and drop 1 floor!
 34812 | D:14     | Identified the ring "Muroy" {Fire Dex+2}
 35628 | D:15     | Got an encrusted ring mail
 35629 | D:15     | Identified the +2 ring mail of Wuikhl Lacu {Rampage +Inv
                  | MR- SInv} (You found it on level 15 of the Dungeon)
 35839 | D:15     | Reached skill level 10 in Armour
 36020 | D:15     | Found a staircase to the Depths.
 36217 | D:15     | Found a sacrificial altar of Ru.
 36839 | Lair:1   | Killed Gargoyl's ghost
 37042 | Swamp:1  | Entered Level 1 of the Swamp
 37211 | Swamp:1  | Reached skill level 14 in Spellcasting
 37218 | Swamp:1  | Reached XP level 16. HP: 104/104 MP: 9/34
 38541 | Swamp:2  | Reached skill level 5 in Necromancy
 40208 | Swamp:3  | Noticed Mara
 40548 | Swamp:3  | Noticed Ge0ff's illusion
 40662 | Swamp:3  | Reached skill level 10 in Poison Magic
 40688 | Swamp:3  | Noticed Ge0ff's illusion
 40912 | Swamp:3  | Killed Mara
 40912 | Swamp:3  | Reached skill level 15 in Spellcasting
 41094 | Swamp:3  | Noticed a thorn hunter
 41103 | Swamp:3  | Killed a thorn hunter
 41490 | Swamp:3  | Noticed a thorn hunter
 41492 | Swamp:3  | Noticed a thorn hunter
 41496 | Swamp:3  | Killed a thorn hunter
 41497 | Swamp:3  | Killed a thorn hunter
 41905 | Swamp:3  | Noticed Louise
 41912 | Swamp:3  | Killed Louise
 42535 | Swamp:4  | Entered Level 4 of the Swamp
 42817 | Swamp:4  | Noticed a thorn hunter
 42822 | Swamp:4  | Killed a thorn hunter
 42834 | Swamp:4  | Reached XP level 17. HP: 113/113 MP: 3/36
 43601 | Swamp:4  | Reached skill level 5 in Fighting
 43603 | Swamp:4  | Noticed a tentacled monstrosity
 43785 | Swamp:4  | Killed a tentacled monstrosity
 43785 | Swamp:4  | Reached skill level 10 in Ice Magic
 44069 | Swamp:4  | Reached skill level 16 in Spellcasting
 44776 | Swamp:4  | Got a decaying rune of Zot
 45097 | Snake:1  | Entered Level 1 of the Snake Pit
 47249 | Snake:2  | Noticed Azrael
 47252 | Snake:2  | Killed Azrael
 47701 | Snake:2  | Found Fithrotia's Jewellery Emporium.
 47809 | Snake:2  | Bought a cursed ring of attention for 45 gold pieces
 48066 | Snake:2  | Found Bamoteim's Gadget Emporium.
 48068 | Snake:2  | Found Vilisice's Jewellery Shop.
 48069 | Snake:2  | Found Til Quj's Gadget Emporium.
 49212 | Snake:2  | Learned a level 5 spell: Yara's Violent Unravelling
 49315 | Snake:3  | Reached XP level 18. HP: 125/125 MP: 34/38
 49464 | Snake:3  | Reached skill level 1 in Hexes
 49650 | Snake:3  | Slain by a black mamba

Illustrated notes

Levels and vault maps discovered:
D:1:      psy_arrival_dodecagon, layout_loops_ring, minmay_octomino_c4
D:2:      layout_loops_ring
D:3:      layout_rooms, chequers_ecumenical_altar_simple_redux
D:4:      layout_layer_cave, gammafunk_temple_overflow_elements, st_stairs_8,
          chequers_serial_rivers_marsh, minmay_unequal
D:5:      layout_basic, minmay_temple_entry_glass, basic_altar,
          lemuel_flamethrower_1
D:6:      layout_loops_ring, lemuel_crystal_altar, minmay_hollow_rounded_squares
D:7:      layout_rooms, lemuel_doored_altar, uniq_harold, uniq_maggie
D:8:      layout_gridville, erik_lair_island, special_room [special_room_orc],
          minmay_misc_feat_secret_circle, okawaru_gym_becter
D:9:      layout_cave_pools, uniq_maurice, uniq_grum
D:10:     layout_rooms, zombieorc2_lemuel, serial_bayou_ford_a
D:11:     layout_small_grid, library_closet, onia_ninara_dug_in_and_dangerous
D:12:     layout_stronghold, serial_column_ruins, column_ruins_square_small,
          column_ruins_grid_4, column_ruins_columns_straight,
          column_ruins_open_small, column_ruins_open_small,
          column_ruins_open_tiny, kennysheep_generic_room_16, uniq_sonja
D:13:     layout_loops_corners
D:14:     layout_basic, grunt_vaults_entry_tiered, kennysheep_two_boxes,
          uniq_nessos
D:15:     hangedman_depths_entry_civil_slaughter, layout_cross,
          hangedman_ru_absence, serial_shops, nicolae_shop_statue_plus
Temple:   compressed_dpeg_circular_temple
Lair:1:   layout_long_grid, gammafunk_ghost_wrathful_warriors
Lair:2:   beast_lair_carwin_large_2, layout_cellular_growth,
          nicolae_swamp_entry_splash_gauntlet, guppyfry_snake_entry_island
Lair:3:   layout_roguey, grunt_megastairs_1, uniq_gastronok, uniq_urug,
          uniq_fannar
Lair:4:   layout_big_grid, serial_bayou_shore_a
Lair:5:   layout_layer_cave, gammafunk_ghost_hive
Lair:6:   guppyfry_lair_end_dragon, layout_misc_corridors,
          minmay_slime_entry_pillars, lemuel_fruit_tree
Swamp:1:  layout_basic_swamp, infiniplex_staircase_pool
Swamp:2:  layout_basic_swamp, hangedman_swamp_diagram, swamp_pool2
Swamp:3:  layout_basic_swamp, evilmike_swamp_ruin_rubble_1, uniq_mara,
          uniq_louise
Swamp:4:  swamp_vile, layout_basic_swamp
Snake:1:  layout_grid_maze
Snake:2:  layout_chambers, serial_shops, shop, grunt_ministairs_13,
          grunt_megastairs_2, minmay_shop_grove, uniq_azrael
Snake:3:  layout_cave_town
Orc:1:    layout_caves, serial_shops, nicolae_shop_statue_plus
Orc:2:    st_orc_elflike, layout_caves

Skill      XL: |  1  2  3  4  5  6  7  8  9 10 11 12 13 14 15 16 17 18 |
---------------+-------------------------------------------------------+-----
Transmutations | 1 2 3 4 5 |  5.0
Spellcasting   | 3 4 5 7 9 10 12 14 15 16 | 16.8
Air Magic      | 1 2 3 4 5 6 7 |  7.0
Stealth        | 2 3 |  3.0
Poison Magic   | 3 4 5 6 7 8 9 10 | 10.0
Throwing       | 1 3 4 5 6 |  6.0
Conjurations   | 2 4 5 6 7 |  7.6
Fighting       | 1 2 3 4 6 |  6.4
Armour         | 1 2 4 6 8 10 11 | 11.0
Fire Magic     | 2 3 4 5 |  5.0
Evocations     | 2 3 4 5 6 7 8 |  8.9
Dodging        | 2 3 4 5 |  5.7
Ice Magic      | 3 5 6 7 9 10 | 10.9
Shields        | 2 4 |  4.0
Translocations | 1 2 4 |  4.0
Necromancy     | 2 4 5 |  5.1
Hexes          | 1 |  1.1

Action                   |  1- 3 |  4- 6 |  7- 9 | 10-12 | 13-15 | 16-18 || total
-------------------------+-------+-------+-------+-------+-------+-------++-------
Melee: Short sword       |    26 |       |       |       |       |       ||    26
       Fustibalus        |       |       |       |       |     1 |       ||     1
       Dagger            |       |       |       |       |       |     5 ||     5
 Fire: Hunting sling     |       |    95 |    78 |    97 |       |       ||   270
       Hand crossbow     |       |       |    12 |       |       |       ||    12
       Fustibalus        |       |       |       |   249 |   530 |   523 ||  1302
Throw: Dart              |    41 |       |       |       |     1 |       ||    42
 Cast: Sting             |    33 |    33 |    25 |    22 |     4 |       ||   117
       Poisonous Vapours |    16 |    49 |    64 |     3 |    10 |     9 ||   151
       Ignite Poison     |       |       |    18 |   106 |   140 |    26 ||   290
       Olgreb's Toxic Ra |       |       |    20 |   118 |   200 |    16 ||   354
       Mephitic Cloud    |       |       |     6 |     9 |     3 |       ||    18
       Searing Ray       |       |       |       |     3 |     6 |       ||     9
       Frozen Ramparts   |       |       |       |       |    37 |    19 ||    56
       Blink             |       |       |       |       |     2 |       ||     2
       Vampiric Draining |       |       |       |       |    21 |    16 ||    37
       Ozocubu's Refrige |       |       |       |       |    11 |   241 ||   252
Invok: Potion Petition   |       |       |       |     1 |     1 |     2 ||     4
 Abil: Evoke Invisibilit |       |       |       |       |     1 |       ||     1
Evoke: Box of beasts     |       |       |     3 |       |     5 |     3 ||    11
       Wand              |       |       |       |     7 |    24 |    35 ||    66
       Tin of tremorston |       |       |       |       |     9 |    11 ||    20
       Phantom mirror    |       |       |       |       |     1 |     2 ||     3
       Condenser vane    |       |       |       |       |     4 |     6 ||    10
       Phial of floods   |       |       |       |       |     1 |     3 ||     4
  Use: Scroll            |     4 |     7 |     4 |    12 |    11 |     9 ||    47
 Stab: Sleeping          |     1 |       |       |       |       |       ||     1
       Paralysed         |       |       |       |       |       |     5 ||     5
Armor: Robe              |     8 |    12 |     2 |     3 |       |       ||    25
       Leather armour    |       |       |    18 |    51 |       |       ||    69
       Acid dragon scale |       |       |       |     7 |   149 |   181 ||   337
       Scale mail        |       |       |       |     3 |    34 |       ||    37
Dodge: Dodged            |    28 |    42 |    32 |   134 |   238 |   224 ||   698
Block: Buckler           |       |       |       |       |   125 |   128 ||   253

Table legend: (Time is in decaauts)
 A = Elapsed time spent in this place.
 B = Non-inter-level travel time spent in this place.
 C = Inter-level travel time spent in this place.
 D = Time resting spent in this place.
 E = Time spent auto-exploring this place.
 F = Levels seen in this place.
 G = Mean time per level.
                   A        B        C        D        E       F      G
               +--------+--------+--------+--------+--------+-----+--------+
         Total |  50532 |  47484 |   3048 |   1704 |  36497 |  31 | 1630.1 |
       Dungeon |  26507 |  24553 |   1954 |    913 |  18310 |  15 | 1767.1 |
        Temple |     43 |     35 |      8 |      0 |      0 |   1 |   43.0 |
          Lair |   8489 |   7844 |    645 |     85 |   6396 |   6 | 1414.8 |
         Swamp |   8301 |   8036 |    265 |    493 |   6127 |   4 | 2075.2 |
     Snake Pit |   4570 |   4528 |     42 |      0 |   3918 |   3 | 1523.3 |
  Orcish Mines |   2618 |   2486 |    132 |    213 |   1745 |   2 | 1309.0 |
               +--------+--------+--------+--------+--------+-----+--------+

Top non-repeatable levels by time:
 Snake:2: 2776 daAuts
    D:10: 2537 daAuts
     D:7: 2501 daAuts
     D:6: 2422 daAuts
 Swamp:3: 2401 daAuts
 Swamp:4: 2278 daAuts
    D:12: 2214 daAuts
     D:5: 2159 daAuts
 Swamp:2: 2049 daAuts
    D:14: 1909 daAuts
     D:9: 1834 daAuts
  Lair:2: 1807 daAuts
    D:13: 1762 daAuts
  Lair:5: 1667 daAuts
     D:8: 1576 daAuts
